 Dungeon Crawl Stone Soup version 0.20.0-8-g6b59dc7 (webtiles) character file.

35 Esekla the Conjurer (level 3, 0/24 HPs)
             Began as a Vampire Conjurer on June 1, 2017.
             Slain by an orc priest
             ... wielding a +0 mace
              (9 damage)
             ... on level 3 of the Dungeon.
             The game lasted 00:16:49 (1586 turns).

Esekla the Conjurer (Vampire Conjurer)              Turns: 1586, Time: 00:16:50

Health: 0/24       AC:  3    Str:  7    XL:     3   Next: 16%
Magic:  1/6        EV: 13    Int: 17    God:
Gold:   80         SH:  0    Dex: 15    Spells: 3/6 levels left

rFire    . . .     SeeInvis +   i - +1 whip (vamp)
rCold    . . .     Gourm    .   (no shield)
rNeg     + . .     Faith    .   a - +0 robe
rPois    .         Spirit   .   (no helmet)
rElec    .         Reflect  .   (no cloak)
rCorr    .         Harm     .   (no gloves)
MR       .....                  n - +0 pair of boots
Stlth    ++........             (no amulet)
Regen    0.1/turn               (no ring)
MPRegen  0.1/turn               (no ring)

@: no status effects
A: fangs 3, see invisible, unbreathing
a: Bat Form


You were on level 3 of the Dungeon.
You were not thirsty.

You visited 1 branch of the dungeon, and saw 3 of its levels.

You collected 80 gold pieces.

Inventory:

Hand Weapons
 d - a +0 dagger of venom
 i - a +1 vampiric whip (weapon)
 t - a +2 vampiric dagger
Missiles
 h - 22 stones (quivered)
Armour
 a - a +0 robe (worn)
 l - a +2 ring mail of cold resistance
 n - a +0 pair of boots (worn)
Scrolls
 f - a scroll of teleportation {unknown}
 g - a scroll of amnesia {unknown}
 m - a scroll of remove curse {unknown}
 o - a scroll of immolation {unknown}
 q - a scroll of noise {unknown}
 s - a scroll of identify {unknown}
Potions
 c - 4 potions of blood
 e - a potion of mutation {unknown}
 j - a potion of heal wounds {unknown}
 k - 2 potions of ambrosia {unknown}
 p - a potion of degeneration {unknown}
 r - a potion of flight {unknown}
Books
 b - a book of Conjurations

   Spells                             Type                      Level
   a - Magic Dart                     Conjuration                  1
   b - Searing Ray                    Conjuration                  2
   c - Dazzling Spray                 Conjuration/Hexes            3
   d - Fulminant Prism                Conjuration/Hexes            4
   e - Force Lance                    Conjuration/Translocation    4
   f - Iskenderun's Mystic Blast      Conjuration                  4


   Skills:
 * Level 1.1 Maces & Flails
 * Level 2.6 Dodging
 + Level 3.2 Stealth
 + Level 2.0 Spellcasting
 + Level 3.3 Conjurations


You had 3 spell levels left.
You knew the following spells:

 Your Spells              Type           Power        Failure   Level  Hunger
a - Magic Dart            Conj           ##..         4%          1    #......
b - Searing Ray           Conj           ##....       8%          2    ###....


Dungeon Overview and Level Annotations

Branches:
Dungeon (3/15)

Altars:


Innate Abilities, Weirdness & Mutations

You have razor-sharp teeth.
You have supernaturally acute eyesight. (SInv)
You can survive without breathing.


Message History

The searing ray hits the orc.
You kill the orc!
The orc priest looks encouraged for a moment.
A kobold comes into view. It is wielding a club.
The searing ray hits the orc priest.
The orc priest is lightly wounded.
The kobold shouts!
The searing ray hits the orc priest.
The orc priest is severely wounded.
The searing ray hits the orc.
You kill the orc!
You finish channeling your searing ray.
The orc priest looks satisfied for a moment.
Casting: Searing Ray
Confirm with . or Enter, or press ? or * to list all spells.
Okay, then.
You hit the orc priest but do no damage.
The orc priest is severely wounded.
The orc priest hits you with a mace!
You die...

#.# #+# #.# #.#
#.###.#############
#.#.....##.........
#.#.#.#....########
#.#.#.#....# #.#...#....#
###.#####....#############
#..<............@oo)......
#.#.#####...#######K......
#.#.# .........o .......
#.#.##.#######.. .......
#.#.#. .. ....... #.#.# .
#+#.##. #.#.# .# #.#.# #
#.#.#


You could see an orc priest, an orc and a kobold.

Vanquished Creatures
  A dart slug (D:2)
  2 orcs (D:3)
  4 bats
  3 giant cockroaches
  7 goblins
  A hobgoblin (D:1)
  A quokka (D:2)
  A frilled lizard (D:2)
  2 kobolds (D:1)
  6 rats
28 creatures vanquished.

Notes
Turn   | Place    | Note
-------+----------+-------------------------------------------
     0 | D:1      | Esekla the Vampire Conjurer began the quest for the Orb.
     0 | D:1      | Reached XP level 1. HP: 13/13 MP: 3/3
   327 | D:1      | Reached XP level 2. HP: 19/19 MP: 5/5
   718 | D:2      | Reached skill level 1 in Maces & Flails
   801 | D:2      | Learned a level 2 spell: Searing Ray
  1134 | D:2      | Reached XP level 3. HP: 24/24 MP: 6/6
  1586 | D:3      | Slain by an orc priest

Skill      XL: |  1  2 |
---------------+-------+-----
Conjurations   | 3 |  3.3
Maces & Flails | 1 |  1.1
Dodging        | |  2.6
Stealth        | |  3.2
Spellcasting   | |  2.0

Action                   || total
-------------------------++-------
Melee: Whip              ||    82
       Bite              ||     5
       Dagger            ||     6
Throw: Stone             ||    17
 Cast: Magic Dart        ||     3
       Searing Ray       ||     1
  Use: Potion            ||     5
 Stab: Sleeping          ||     4
Armor: Robe              ||    18
Dodge: Dodged            ||    67
